 Dungeon Crawl Stone Soup version 0.31-a0-1009-g454b1f1e0a (webtiles) character file.

Game seed: 1296230031348015480

2 kae the Vexing (level 1, -2/13 HPs)
             Began as a Demonspawn Enchanter on Nov 14, 2023.
             Frozen to death by an endoplasm (4 damage)
             ... on level 1 of the Dungeon.
             The game lasted 00:00:08 (119 turns).

kae the Vexing (Demonspawn Enchanter)                Turns: 119, Time: 00:00:09

Health: -2/13      AC:  2    Str:  8    XL:     1   Next: 33%
Magic:  3/3        EV: 12    Int: 16    God:
Gold:   25         SH:  0    Dex: 13    Spells: 4/4 levels left

rFire   . . .        a - +1 dagger
rCold   . . .        (no shield)
rNeg    . . .        b - +0 robe
rPois   .            (no helmet)
rElec   .            (no cloak)
rCorr   .            (no gloves)
SInv    .            (no boots)
Will    .....        (no amulet)
Stlth   ++           (no ring)
HPRegen 0.22/turn    (no ring)
MPRegen 0.08/turn

%: no passive effects
@: no status effects
A: no striking features
a: no special abilities


You were on level 1 of the Dungeon.
You visited 1 branch of the dungeon, and saw 1 of its levels.

You collected 25 gold pieces.


   Skills:
 * Level 1.0 Short Blades
 - Level 1.7 Dodging
 + Level 2.7 Stealth
 + Level 2.0 Spellcasting
 * Level 3.0 Hexes


You had 4 spell levels left.
You didn't know any spells.
Your spell library contained the following spells:

 Spells                   Type           Power      Damage    Failure   Level
 Ensorcelled Hibernation  Hex/Ice        12%        N/A       17%         2
 Confusing Touch          Hex            11%        N/A       19%         3
 Tukima's Dance           Hex            11%        N/A       19%         3
 Dazzling Flash           Conj/Hex       12%        N/A       32%         3

Inventory:

Hand Weapons
 a - a +1 dagger (weapon)
Armour
 b - a +0 robe (worn)
Potions
 c - 2 potions of invisibility
 d - 2 potions of curing {unknown}

Dungeon Overview and Level Annotations

Branches:
Dungeon (1/15) Zot: 5880

Altars:

#.# #.## #..###### ##
#..##...# ####+#...
#..##...# #........
#...#...# #......#.
#.#.#†..# #........
#.#.....######.....#
#.##....##..@Jg....#
#####.###.####.###.....#
......# #....#.# #.....#
####### ####...# ......#
####### ##..+ ...#.##
......# ##.# ...#.#
......# ######+##...#.#
.###..# #........ ..#
...#..# #........


You could see an endoplasm and a hobgoblin.


Message History

Bad monster_list_colour key: strict_neutral Bad channel name 'pray' for runrest: 'pray:' Options error: Missing colour in message_colour setting: 'that.*feels deathly cold' Options error: Missing colour in message_colour setting: 'and you must be Full or above to equip it' Options error: Missing colour in message_colour setting: 'but rights himself reflexively soon after' Options error: Missing colour in message_colour setting: 'before it is too late' ✅ Successfully initialized magus.rc [v1.11.3] Welcome, kae the Demonspawn Enchanter.
The splendid Orb of Zot lies far below, as if waiting for you to find it.
Press ? for a list of commands and other information.
Found a bubbling emerald potion.
Found a staircase leading out of the dungeon.
d - a bubbling emerald potion
Found an escape hatch in the floor.
You now have 7 gold pieces.
You now have 25 gold pieces (gained 18).
A rat comes into view.
A rat is nearby!
A rat is nearby!
You barely miss the rat. The rat misses you.
A rat is nearby!
You closely miss the rat. The rat bites you.
You hit the rat but do no damage.
The rat bites you but does no damage. 😕 HP[-1]
You take 1 damage, and now have 12/13 hp.
A rat is nearby!
You hit the rat.
You kill the rat!
No target in view!
You see here a rat corpse.
A bat comes into view. 😎 HP[+1]
Your hp is fully restored (13).
The bat barely misses you.
You closely miss the bat. The bat misses you.
You hit the bat.
You kill the bat!
Your Short Blades skill increases to level 1!
No target in view!
No target in view!
No target in view!
No target in view!
No target in view!
d - 2 bubbling emerald potions (gained 1)
An endoplasm comes into view.
A ball python comes into view.
The endoplasm quivers.
There are monsters nearby!
There are monsters nearby!
There are monsters nearby!
A hobgoblin comes into view.
The hobgoblin shouts!
The ball python hisses angrily.
The endoplasm hits you. The ball python bites you.
The ball python barely misses you. 😕 HP[-3]
You take 3 damage, and now have 10/13 hp.
MASSIVE DAMAGE!! (PAUSE)
The endoplasm attacks as it pursues you!
The endoplasm misses you. The ball python bites you. The ball python grabs you.
The ball python constricts you. 😮 HP[-1]
You take 1 damage, and now have 9/13 hp.
You hit the ball python. The ball python barely misses you.
The ball python constricts you. 😮 HP[-1]
You take 1 damage, and now have 8/13 hp.
Unknown command.
You hit the ball python but do no damage.
The ball python closely misses you.
The ball python constricts you. 😮 HP[-1]
You take 1 damage, and now have 7/13 hp.
Unknown command.
You barely miss the ball python. The ball python closely misses you.
The ball python constricts you.
* * * LOW HITPOINT WARNING * * *
😨 HP[-1]
You take 1 damage, and now have 6/13 hp.
Unknown command.
You barely miss the ball python. The ball python barely misses you.
The ball python constricts you.
* * * LOW HITPOINT WARNING * * *
The ball python bites you.
* * * LOW HITPOINT WARNING * * *
The ball python constricts you.
* * * LOW HITPOINT WARNING * * *
😱 HP[-5]
You take 5 damage, and now have 1/13 hp.
MASSIVE DAMAGE!! (PAUSE)
You hit the ball python.
You kill the ball python! 😱 HP[+1] Unknown command.
Okay, then.
You hit the endoplasm.
The endoplasm jiggles.
The endoplasm freezes you.
You are frozen.
You die...

Skill      XL: |  1 |
---------------+----+-----
Short Blades   | 1 |  1.0
Dodging        | |  1.7
Stealth        | |  2.7
Spellcasting   | |  2.0
Hexes          | |  3.0

Action                     || total
---------------------------++-------
  Melee: Dagger            ||    12
 Armour: Robe              ||     6
  Dodge: Dodged            ||     9

Levels and vault maps discovered:
D:1:      lemuel_arrival_room, layout_basic

Notes
Turn   | Place    | Note
-------+----------+-------------------------------------------
     0 | D:1      | kae the Demonspawn Enchanter began the quest for the Orb.
     0 | D:1      | Reached XP level 1. HP: 13/13 MP: 3/3
     0 | D:1      | magus.rc [v1.11.3]
    94 | D:1      | Reached skill level 1 in Short Blades
   117 | D:1      | HP: 2/13 [ball python (3)]
   119 | D:1      | Frozen to death by an endoplasm

Vanquished Creatures
  A ball python (D:1)
  A bat (D:1)
  A rat (D:1)
3 creatures vanquished.

Table legend:
 A = Non-vault XP
 B = Vault XP
 C = Vault XP percentage of total XP
 D = Non-vault monster count
 E = Vault monster count
 F = Vault count percentage of total count
                 A         B        C        D         E       F
            +---------+---------+-------+---------+---------+-------
      Total |       4 |       0 |   0.0 |       3 |       0 |   0.0
            +---------+---------+-------+---------+---------+-------
        D:1 |       4 |       0 |   0.0 |       3 |       0 |   0.0
            +---------+---------+-------+---------+---------+-------

Skill      XL: |  1 |
---------------+----+-----
Short Blades   | 1 |  1.0
Dodging        | |  1.7
Stealth        | |  2.7
Spellcasting   | |  2.0
Hexes          | |  3.0

Action                     || total
---------------------------++-------
  Melee: Dagger            ||    12
 Armour: Robe              ||     6
  Dodge: Dodged            ||     9

Illustrated notes

Table legend:
 A = Kills in this place as a percentage of kills in the entire game.
 B = Kills by you in this place as a percentage of kills by you in the entire game.
 C = Kills by friends in this place as a percentage of kills by friends in the entire game.
 D = Other kills in this place as a percentage of other kills in the entire game.
 E = Experience gained in this place as a percentage of experience gained in the entire game.
 F = Experience gained in this place divided by the number of levels of this place that you have seen.
                   A       B       C       D       E      F
               +-------+-------+-------+-------+-------+----------------------
         Total | 100.0 | 100.0 |   N/A |   N/A | 100.0 |   4.0
       Dungeon | 100.0 | 100.0 |   N/A |   N/A | 100.0 |   4.0
               +-------+-------+-------+-------+-------+----------------------

Table legend: (Time is in decaauts)
 A = Elapsed time spent in this place.
 B = Non-inter-level travel time spent in this place.
 C = Inter-level travel time spent in this place.
 D = Time resting spent in this place.
 E = Time spent auto-exploring this place.
 F = Levels seen in this place.
 G = Mean time per level.
                   A        B        C        D        E       F      G
               +--------+--------+--------+--------+--------+-----+--------+
         Total |    118 |    118 |      0 |      0 |     93 |   1 |  118.0 |
       Dungeon |    118 |    118 |      0 |      0 |     93 |   1 |  118.0 |
               +--------+--------+--------+--------+--------+-----+--------+

Top non-repeatable levels by time:
     D:1: 118 daAuts
